 Dungeon Crawl Stone Soup version 0.32-a0-290-g598725c5f2 (webtiles) character file.

Game seed: 11862585517315596857

7263 MacCMillion the Thaumaturge (level 11, -5/82 HPs)
             Began as a Djinni Alchemist on Feb 13, 2024.
             Was a Follower of Makhleb.
             Slain by a skeletal warrior
             ... wielding a +0 scimitar
              (14 damage)
             ... on level 9 of the Dungeon.
             The game lasted 00:23:59 (11559 turns).

MacCMillion the Thaumaturge (Djinni Alchemist)     Turns: 11559, Time: 00:24:00

Health: -5/82      AC: 11    Str:  7    XL:     11   Next: 34%
Gold:   669        EV: 16    Int: 22    God:    Makhleb [*.....] SH:  0 Dex: 19

rFire   + + .        A - +2 dagger (elec)
rCold   x . .        (no shield)
rNeg    . . .        b - +2 leather armour of the Past {rPois rCorr}
rPois   ∞            (no helmet)
rElec   .            (no cloak)
rCorr   +            k - +1 pair of gloves
SInv    .            (boots unavailable)
Will    +....        (no amulet)
Stlth   +++          s - +4 ring of protection
HPRegen 0.33/turn    t - +6 ring of dexterity
MPRegen 0.00/turn

%: infuse magic (-6 HP)
@: about to teleport, flying
A: sickness immunity, fire resistance 2, cold vulnerability 1, float, innate
caster, HP casting, extra vitality 1
a: Renounce Religion


You were on level 9 of the Dungeon.
You worshipped Makhleb.
Makhleb was aware of your devotion.
You visited 2 branches of the dungeon, and saw 11 of its levels.
You also visited: Ossuary.

You collected 669 gold pieces.

Inventory:

Hand Weapons
 A - a +2 dagger of electrocution (weapon)
Missiles
 D - a throwing net
Armour
 b - the +2 leather armour of the Past (worn) {rPois rCorr}
   (You found it on level 7 of the Dungeon)

   rPois:     It protects you from poison rCorr: It protects you from acid and
   corrosion.
 k - a +1 pair of gloves (worn)
Jewellery
 j - the ring of Syak {Fire Will++ Dex-4 Slay+2 SInv}
   (You found it on level 3 of the Dungeon)

   [ring of fire]

   Fire:      It enhances your fire magic.
   Dex-4:     It affects your dexterity (-4).
   Slay+2:    It affects your accuracy & damage with ranged weapons and melee
   (+2).
   rF+:       It protects you from fire.
   rC-:       It makes you vulnerable to cold.
   Will++:    It greatly increases your willpower.
   SInv:      It lets you see invisible.
 s - a +4 ring of protection (left hand)
 t - a +6 ring of dexterity (right hand)
 H - a +4 ring of protection
Wands
 c - a wand of flame (37)
 B - a wand of acid (6)
 F - a wand of iceblast (3)
 G - a wand of charming (7)
Scrolls
 e - 2 scrolls of noise {unknown}
 f - 3 scrolls of immolation {unknown}
 i - 3 scrolls of teleportation
 m - a scroll of fear
 n - 2 scrolls of enchant weapon {unknown}
 o - a scroll of silence
 p - a scroll of vulnerability
 q - 4 scrolls of fog {unknown}
 r - a scroll of acquirement {unknown}
 u - a scroll of revelation {unknown}
 v - 2 scrolls of amnesia {unknown}
 y - 2 scrolls of butterflies {unknown}
 E - a scroll of enchant armour {unknown}
Potions
 a - 2 potions of ambrosia {unknown}
 d - 5 potions of curing
 h - 4 potions of haste
 l - a potion of attraction {unknown}
 w - 3 potions of lignification
 x - 4 potions of enlightenment
 z - 2 potions of degeneration {unknown}
 C - 2 potions of mutation {unknown}


   Skills:
 + Level 8.7 Fighting
 + Level 2.7 Short Blades
 - Level 8.0 Dodging
 + Level 5.1 Stealth
 + Level 9.1 Spellcasting
 + Level 9.1 Conjurations
 + Level 9.1 Hexes
   Level 0.0 Charms
 + Level 9.1 Summonings
 + Level 9.1 Necromancy
 + Level 9.1 Translocations
   Level 0.0 Transmutations
 + Level 9.1 Fire Magic
 + Level 9.1 Ice Magic
 + Level 9.1 Air Magic
 + Level 9.1 Earth Magic
 + Level 9.1 Alchemy


You knew the following spells:

 Your Spells              Type           Power      Damage    Failure   Level
a - Sting                 Conj/Alch      100%       1d9       1%          1
b - Mercury Vapours       Alch/Air       100%       N/A       1%          2
c - Mephitic Cloud        Conj/Alch/Air  50%        N/A       1%          3
d - Olgreb's Toxic Radia  Alch           50%        N/A       2%          4
e - Sticky Flame          Fire/Alch      50%        2d9       2%          4
f - Magic Dart            Conj           100%       1d8       1%          1
g - Lesser Beckoning      Tloc           100%       N/A       1%          2
h - Inner Flame           Hex/Fire       50%        N/A       1%          3
i - Stone Arrow           Conj/Erth      100%       3d13      1%          3
j - Arcjolt               Conj/Air       25%        1d35      6%          5
Your spell library was empty.

Dungeon Overview and Level Annotations

Branches:
Dungeon (10/15)            Temple (1/1) D:6         Ossuary (visited)
   Lair: D:8-11         Orc: D:9-12

Altars:
Ashenzari
Cheibriados
Elyvilon
Fedhas
Gozag
Hepliaklqana
Makhleb
Nemelex Xobeh
Okawaru
Qazlal
Ru
Trog
Uskayaw
Wu Jian
Xom
Yredelemnul
Zin
The Shining One

Shops:
D:1 (

Annotations:
D:5 1 runed translucent door, Crazy Yiuf
D:8 exclusion: cyclops


Innate Abilities, Weirdness & Mutations

You are immune to sickness and miasma.
You are immune to poison.
Your flesh is very heat resistant. (rF++)
You are vulnerable to cold. (rC-)
You float through the air rather than walking.
You learn spells naturally, not from books.
Your magical power is your life essence.
You have superior vitality. (+4 MHP)


Message History

p - a scroll of vulnerability Unknown command.
There is a stone staircase leading down here.
You need no library to learn spells.
You fly downwards.
The vampire mosquito closely misses you.
The vampire mosquito bites you. The skeletal warrior misses you.
The vampire mosquito bites you but does no damage.
The skeletal warrior barely misses you.
There is a stone staircase leading up here.
Casting: Sticky Flame (dangerous; 2% risk of failure)
Confirm with . or Enter, or press ? or * to list all spells.
Electricity surges outward!
The vampire mosquito is struck by an electric surge!!
The vampire mosquito is almost destroyed.
The skeletal warrior is struck by an electric surge!
The skeletal warrior is moderately damaged.
The skeletal warrior is struck by an electric surge!
The skeletal warrior is lightly damaged.
The vampire mosquito buzzes angrily.
You hear an angry buzzing noise.
The vampire mosquito misses you.
The skeletal warrior hits you with a +0 hand axe.
The skeletal warrior hits you with a +0 scimitar!!
The vampire mosquito misses you. The vampire mosquito misses you.
The skeletal warrior misses you. The skeletal warrior barely misses you.
The vampire mosquito misses you.
You fly upwards.
There is a stone staircase leading down here.
The vampire mosquito bites you but does no damage.
The skeletal warrior hits you with a +0 hand axe!!
* * * LOW HITPOINT WARNING * * *
You see here a Young Poisoner's Handbook.
As you read the scroll labelled JYP ZOEPSEALUXI, it crumbles to dust.
You feel strangely unstable.
It was a scroll of teleportation.
The vampire mosquito bites you.
* * * LOW HITPOINT WARNING * * *
The vampire mosquito bites you!
* * * LOW HITPOINT WARNING * * *
The skeletal warrior hits you with a +0 scimitar!
You die...

...........##.##..##............#
...........#..#.#.#..............
..............#...#.............#
.:...#####....................###
......# ##.....#....##.>.....#
......#########.#..####...)..##
......#.#.#####.#..#......#.##
...............zz.......#####
...............y@##..#...#
.................######..###
.................## #....##
..................## #.....##
...................# #......###
.#.##.###.........## #.#.#....##
.#.#### ##........# #..###....#
...## ####...##..## #..# ##..##
....###.....###...#####.########


You could see 2 skeletal warriors and a vampire mosquito.

Vanquished Creatures
  Erica (D:9)
  A two-headed ogre (D:9)
  Pikel (D:8)
  Joseph (D:9)
  Prince Ribbit (D:8)
  A hornet (D:8)
  A wyvern (D:10)
  Grum (D:8)
  A vampire mosquito (D:9)
  Edmund (D:5)
  A water moccasin (D:7)
  An orc warrior (D:9)
  2 ice beasts (D:5)
  4 black bears
  3 ogres
  2 wolves (D:8)
  5 centaurs
  4 lemures (D:8)
  A kobold brigand (D:8)
  5 scorpions
  4 bullfrogs
  2 elf zombies (Ossuary)
  Blork the orc (D:5)
  A gnoll sergeant (D:8)
  9 wights (D:7)
  A burial acolyte (Ossuary)
  4 killer bees (D:8)
  A howler monkey (D:6)
  3 bombardier beetles (D:3)
  4 centaur zombies (Ossuary)
  A hound (D:7)
  2 gnoll boudas
  A human zombie (Ossuary)
  A jelly (D:6)
  2 orc priests
  5 iguanas
  2 sleepcaps
  4 orc wizards
  A crocodile zombie (Ossuary)
  2 hound zombies (Ossuary)
  3 mummies (Ossuary)
  11 gnolls
  6 adders
  A shadow imp (D:8)
  2 ufetubi (D:5)
  7 adder zombies (Ossuary)
  5 dart slugs
  2 ribbon worms
  16 orcs
  6 endoplasms
  2 giant cockroaches
  11 goblins
  4 hobgoblins
  10 jackals
  6 kobolds
  3 quokkas
  7 ball pythons
  6 ball python zombies (Ossuary)
  5 bats
  6 frilled lizards
  2 jackal zombies (Ossuary)
  2 kobold zombies (Ossuary)
  2 orc zombies (Ossuary)
  A rat (D:3)
215 creatures vanquished.

Notes
Turn   | Place    | Note
-------+----------+-------------------------------------------
     0 | D:1      | MacCMillion the Djinni Alchemist began the quest for the
                  | Orb.
     0 | D:1      | MacCMillion set off with the following spells memorised:
                  | Sting, Mercury Vapours, Mephitic Cloud, Olgreb's Toxic
                  | Radiance, Sticky Flame.
     0 | D:1      | Reached XP level 1. HP: 15/15 MP: 0/0
     9 | D:1      | Noticed a bullfrog
    63 | D:1      | Reached XP level 2. HP: 20/21 MP: 0/0
   165 | D:1      | You are sucked into a shaft and drop 1 floor!
   182 | D:2      | Reached XP level 3. HP: 9/25 MP: 0/0
   182 | D:2      | Learned a level 1 spell: Magic Dart
   698 | D:2      | Reached XP level 4. HP: 20/31 MP: 0/0
  1383 | D:1      | Found Serudeur's Weapon Shop.
  2028 | D:3      | Identified the ring of Syak {Fire Will++ Dex-4 Slay+2 SInv}
  2293 | D:3      | Reached XP level 5. HP: 29/35 MP: 0/0
  2293 | D:3      | Learned a level 2 spell: Lesser Beckoning
  2415 | D:3      | Reached skill level 5 in Spellcasting
  2415 | D:3      | Reached skill level 5 in Conjurations
  2415 | D:3      | Reached skill level 5 in Hexes
  2415 | D:3      | Reached skill level 5 in Summonings
  2415 | D:3      | Reached skill level 5 in Necromancy
  2415 | D:3      | Reached skill level 5 in Translocations
  2415 | D:3      | Reached skill level 5 in Fire Magic
  2415 | D:3      | Reached skill level 5 in Ice Magic
  2415 | D:3      | Reached skill level 5 in Air Magic
  2415 | D:3      | Reached skill level 5 in Earth Magic
  2415 | D:3      | Reached skill level 5 in Alchemy
  2494 | D:3      | Reached XP level 6. HP: 32/40 MP: 0/0
  3319 | D:4      | Noticed a black bear
  3330 | D:4      | Killed a black bear
  3331 | D:4      | Reached XP level 7. HP: 39/45 MP: 0/0
  3331 | D:4      | Learned a level 3 spell: Inner Flame
  3561 | D:4      | Found a sparkling altar of Nemelex Xobeh.
  3580 | D:4      | Reached skill level 1 in Fighting
  4152 | D:4      | Reached XP level 8. HP: 39/54 MP: 0/0
  4224 | D:5      | Entered Level 5 of the Dungeon
  4589 | D:5      | Found a sand-covered staircase.
  4600 | Ossuary  | Entered an ossuary
  5088 | Ossuary  | Reached XP level 9. HP: 49/62 MP: 0/0
  5088 | Ossuary  | Learned a level 3 spell: Stone Arrow
  5151 | Ossuary  | Reached skill level 5 in Dodging
  5678 | D:5      | Noticed Blork the orc
  5686 | D:5      | Killed Blork the orc
  5730 | D:5      | Noticed Edmund
  5869 | D:5      | Killed Edmund
  6002 | D:5      | Reached skill level 5 in Fighting
  6377 | D:5      | Found a runed translucent door.
  6378 | D:5      | Noticed Crazy Yiuf
  6732 | D:6      | Noticed an Executioner
  6733 | D:6      | Found a burning altar of Makhleb.
  6737 | D:6      | Found a glowing silver altar of Zin.
  6737 | D:6      | Noticed an angel
  6768 | D:6      | Found an iron altar of Okawaru.
  6819 | D:6      | Found a hazy altar of Hepliaklqana.
  7527 | D:6      | Found a staircase to the Ecumenical Temple.
  7601 | Temple   | Entered the Ecumenical Temple
  7637 | D:6      | Became a worshipper of Makhleb the Destroyer
  7769 | D:7      | Identified the +2 leather armour of the Past {rPois rCorr}
  8084 | D:7      | Reached XP level 10. HP: 63/72 MP: 0/0
  8197 | D:7      | Found a blossoming altar of Fedhas.
  9234 | D:8      | Found a white marble altar of Elyvilon.
  9265 | D:8      | Noticed Pikel
  9274 | D:8      | Killed Pikel
  9351 | D:8      | Reached * piety under Makhleb
  9485 | D:8      | Found an opulent altar of Gozag.
  9485 | D:8      | Found a glowing golden altar of the Shining One.
  9640 | D:8      | Noticed Grum
  9655 | D:8      | Killed Grum
 10113 | D:8      | Noticed Prince Ribbit
 10124 | D:8      | Killed Prince Ribbit
 10355 | D:8      | Noticed a cyclops
 10487 | D:9      | Noticed Joseph
 10492 | D:9      | Noticed a two-headed ogre
 10509 | D:9      | Killed Joseph
 10510 | D:9      | Reached skill level 1 in Short Blades
 10510 | D:9      | Reached XP level 11. HP: 33/81 MP: 0/0
 10510 | D:9      | Learned a level 5 spell: Arcjolt
 10511 | D:9      | Killed a two-headed ogre
 11013 | D:9      | Noticed Erica
 11027 | D:9      | Killed Erica
 11028 | D:9      | Reached skill level 5 in Stealth
 11357 | D:10     | Entered Level 10 of the Dungeon
 11363 | D:10     | Noticed a skeletal warrior
 11366 | D:10     | Noticed a skeletal warrior
 11559 | D:9      | Slain by a skeletal warrior

Illustrated notes

Levels and vault maps discovered:
D:1:      evilmike_arrival_come_back, layout_basic, serial_shops,
          nicolae_lakefront_shop
D:2:      layout_loops_ring, dk_vineyard_2
D:3:      kb_forest_paths, layout_basic
D:4:      layout_basic, nemelex_xobeh_ov_fountains_minmay
D:5:      layout_gridville, enter_ossuary_2, nicolae_zen_rock_garden,
          uniq_edmund, uniq_blork_the_orc, uniq_crazy_yiuf_cottage
D:6:      layout_rooms, mainiacjoe_overflow_catch_the_wave,
          grunt_temple_overflow_order_and_chaos_2, minmay_temple_entry_slanted,
          minmay_circle_x
D:7:      layout_layer_cave, amcnicky_altar_gilded
D:8:      layout_loops_corners, mainiacjoe_overflow_large_starburst,
          mainiacjoe_overflow_alcove_1, uniq_grum, uniq_prince_ribbit1,
          uniq_pikel
D:9:      layout_cave_pools, chequers_serial_rivers_micro_c, uniq_joseph,
          uniq_erica
D:10:     layout_big_octagon, lemuel_crystal_altar, led_sif_pool,
          nicolae_trove_entry_diagonal, uniq_lodul
Temple:   grunt_temple_mini_profane

Skill      XL: |  1  2  3  4  5  6  7  8  9 10 11 |
---------------+----------------------------------+-----
Spellcasting   | 4 5 6 7 8 9 |  9.1
Conjurations   | 4 5 6 7 8 9 |  9.1
Hexes          | 4 5 6 7 8 9 |  9.1
Summonings     | 4 5 6 7 8 9 |  9.1
Necromancy     | 4 5 6 7 8 9 |  9.1
Translocations | 4 5 6 7 8 9 |  9.1
Fire Magic     | 4 5 6 7 8 9 |  9.1
Ice Magic      | 4 5 6 7 8 9 |  9.1
Air Magic      | 4 5 6 7 8 9 |  9.1
Earth Magic    | 4 5 6 7 8 9 |  9.1
Alchemy        | 4 5 6 7 8 9 |  9.1
Fighting       | 2 3 5 8 |  8.7
Stealth        | 2 3 4 5 |  5.1
Dodging        | 3 4 7 8 |  8.0
Short Blades   | 1 2 |  2.7

Action                     |  1- 3 |  4- 6 |  7- 9 | 10-12 || total
---------------------------+-------+-------+-------+-------++-------
  Melee: Short sword       |     4 |     4 |    50 |       ||    58
         Dagger            |       |       |     6 |    37 ||    43
   Cast: Sting             |    35 |    88 |    61 |    12 ||   196
         Sticky Flame      |       |     2 |    49 |    14 ||    65
         Mephitic Cloud    |       |     1 |    21 |    19 ||    41
         Olgreb's Toxic Ra |       |       |    23 |    27 ||    50
         Stone Arrow       |       |       |     8 |     5 ||    13
         Magic Dart        |       |       |     1 |       ||     1
         Arcjolt           |       |       |       |     1 ||     1
    Use: Scroll            |       |       |       |     8 ||     8
   Stab: Sleeping          |       |     1 |     4 |       ||     5
         Confused          |       |       |     3 |     5 ||     8
 Armour: Leather armour    |    23 |    17 |    79 |    34 ||   153
  Dodge: Dodged            |    14 |    16 |    64 |    49 ||   143

Table legend: (Time is in decaauts)
 A = Elapsed time spent in this place.
 B = Non-inter-level travel time spent in this place.
 C = Inter-level travel time spent in this place.
 D = Time resting spent in this place.
 E = Time spent auto-exploring this place.
 F = Levels seen in this place.
 G = Mean time per level.
                   A        B        C        D        E       F      G
               +--------+--------+--------+--------+--------+-----+--------+
         Total |  11556 |  11250 |    306 |   2505 |   6480 |  12 |  963.0 |
       Dungeon |  10539 |  10234 |    305 |   2148 |   6233 |  10 | 1053.9 |
        Temple |      1 |      0 |      1 |      0 |      0 |   1 |    1.0 |
       Ossuary |   1015 |   1015 |      0 |    357 |    247 |   1 | 1015.0 |
               +--------+--------+--------+--------+--------+-----+--------+

Top non-repeatable levels by time:
     D:8: 1493 daAuts
     D:6: 1415 daAuts
     D:7: 1361 daAuts
     D:3: 1210 daAuts
     D:5: 1190 daAuts
     D:1: 1030 daAuts
 Ossuary: 1015 daAuts
     D:4: 1010 daAuts
     D:2: 970 daAuts
     D:9: 842 daAuts
    D:10: 14 daAuts
  Temple: 1 daAuts
